 Dungeon Sprint DCSS version 0.27-a0-1431-gcffa5a9b16 (webtiles) character file.

Game seed: 12000752680803706752

129 mhtbhm the Geomancer (level 4, -3/24 HPs)
             Began as a Deep Elf Earth Elementalist on July 2, 2021.
             Was a Priest of Vehumet.
             Slain by a flying skull (8 damage)
             ... in the Dungeon (Sprint VII: "The Pits").
             The game lasted 00:01:18 (519 turns).

mhtbhm the Geomancer (Deep Elf Earth Elementalist)   Turns: 519, Time: 00:01:19

Health: -3/24      AC:  2    Str:  5    XL:     4   Next: 88%
Magic:  3/15       EV: 13    Int: 21    God:    Vehumet [***...]
Gold:   0          SH:  0    Dex: 15    Spells: 11/17 levels left

rFire    . . .     SeeInvis .   l - +1 quarterstaff (speed)
rCold    . . .     Faith    .   (shield currently unavailable)
rNeg     . . .     Spirit   .   b - +0 robe
rPois    .         Reflect  .   (no helmet)
rElec    .         Harm     .   (no cloak)
rCorr    .         Rampage  .   (no gloves)
Will     .....     NoTele   +   (no boots)
Stlth    +++.......             (no amulet)
HPRegen  0.08/turn              (no ring)
MPRegen  0.14/turn              (no ring)

@: hasted, very quick
A: no striking features
a: Renounce Religion


You were in the Dungeon.
You worshipped Vehumet.
Vehumet was most pleased with you.
You visited 1 branch

Inventory:

Hand Weapons
 l - a +1 quarterstaff of speed (weapon)
Missiles
 i - 23 stones
Armour
 b - a +0 robe (worn)
Scrolls
 h - a scroll of blinking
 j - 5 scrolls of amnesia
 k - a scroll of summoning
Potions
 a - 2 potions of invisibility
 c - 6 potions of curing
 d - 5 potions of heal wounds
 f - 4 potions of magic
 g - 3 potions of berserk rage


   Skills:
 + Level 0.2 Fighting
 + Level 4.1 Dodging
 + Level 3.9 Stealth
 + Level 7.3 Spellcasting
 + Level 0.1 Conjurations
 + Level 1.1 Transmutations
 + Level 8.6 Earth Magic


You had 11 spell levels left.
You knew the following spells:

 Your Spells              Type           Power      Damage    Failure   Level
a - Sandblast             Erth           88%        2d18      1%          1
b - Passwall              Tmut/Erth      23%        N/A       1%          2
c - Stone Arrow           Conj/Erth      52%        3d10      1%          3

Your spell library contained the following spells:

 Spells                   Type           Power      Damage    Failure   Level
 Searing Ray              Conj           16%        3d3       3%          2
 Lee's Rapid Deconstruct  Erth           22%        3d13*     1%          5
 Petrify                  Tmut/Erth      28%        N/A       11%         4


Dungeon Overview and Level Annotations

Branches:
Dungeon (1/1)

Altars:
Ashenzari
Cheibriados
Dithmenos
Elyvilon
Fedhas
Gozag
Hepliaklqana
Kikubaaqudgha
Makhleb
Nemelex Xobeh
Okawaru
Qazlal
Ru
Sif Muna
Trog
Uskayaw
Vehumet
Wu Jian
Xom
Yredelemnul
Zin
The Shining One
Beogh
Jiyva
Lugonu


Message History

Unknown command.
Casting: Sandblast (safe; 1% risk of failure)
Confirm with . or Enter, or press ? or * to list all spells.
Aiming: Sandblast (safe; 1% risk of failure)
Press: ? - help, Shift-Dir - straight line, f/p - flying skull
Aim: a flying skull (moderately damaged, 68% to hit)
The blast of sand misses the flying skull.
The flying skull barely misses you.
Unknown command.
Unknown command.
You feel much better. The flying skull hits you!
Unknown command.
Casting: Sandblast (safe; 1% risk of failure)
Confirm with . or Enter, or press ? or * to list all spells.
Aiming: Stone Arrow (safe; 1% risk of failure)
Press: ? - help, Shift-Dir - straight line, f/p - flying skull
Aim: a flying skull (moderately damaged, 46% to hit)
The stone arrow hits the flying skull!
The flying skull is almost destroyed.
The flying skull hits you.
Unknown command.
Unknown command.
Casting: Stone Arrow (safe; 1% risk of failure)
Confirm with . or Enter, or press ? or * to list all spells.
Aiming: Stone Arrow (safe; 1% risk of failure)
Press: ? - help, Shift-Dir - straight line, f/p - flying skull
Aim: a flying skull (almost destroyed, 46% to hit)
The stone arrow misses the flying skull.
The flying skull hits you.
* * * LOW HITPOINT WARNING * * *
Unknown command.
Unknown command.
Casting: Stone Arrow (safe; 1% risk of failure)
Confirm with . or Enter, or press ? or * to list all spells.
Aiming: Stone Arrow (safe; 1% risk of failure)
Press: ? - help, Shift-Dir - straight line, f/p - flying skull
Aim: a flying skull (almost destroyed, 46% to hit)
The stone arrow misses the flying skull.
The flying skull hits you!
You die...

#_______...#######
##########'##.....
#.?..')))'.##.....
##########.##.....
#...........'.....
#'#####'#####.....
#.#...#.#[[##.....
#.#..†#)#))#####'#
#@#...'.#))##.....
#z##'####))##.....
#.#.....#..##.....
#.#.....#'###...<.
#.#........##.....
#.#........##.....
#'###########.....
#...†...# ######
#..###..#


You could see a flying skull.

Vanquished Creatures
  A necrophage (D)
  An iguana (D)
  An ufetubus (D)
  An adder zombie (D)
  2 endoplasms (D)
  A hobgoblin (D)
  A kobold (D)
  A quokka (D)
  A frilled lizard (D)
  A rat (D)
11 creatures vanquished.

Notes
Turn   | Place    | Note
-------+----------+-------------------------------------------
     0 | D        | mhtbhm the Deep Elf Earth Elementalist began the quest for
                  | the Orb.
     0 | D        | Reached XP level 1. HP: 10/10 MP: 6/6
    12 | D        | Reached skill level 4 in Earth Magic
    41 | D        | Found a bloodstained altar of Trog.
    41 | D        | Found a shimmering blue altar of Sif Muna.
    41 | D        | Found a viscous altar of Jiyva.
    41 | D        | Found a hazy altar of Hepliaklqana.
    41 | D        | Found an opulent altar of Gozag.
    42 | D        | Found a glowing golden altar of the Shining One.
    42 | D        | Found a glowing silver altar of Zin.
    42 | D        | Found a basalt altar of Yredelemnul.
    42 | D        | Found a shimmering altar of Xom.
    42 | D        | Found an ornate altar of the Wu Jian Council.
    42 | D        | Found a sacrificial altar of Ru.
    42 | D        | Found a stormy altar of Qazlal.
    42 | D        | Found an iron altar of Okawaru.
    42 | D        | Found a sparkling altar of Nemelex Xobeh.
    42 | D        | Found a burning altar of Makhleb.
    42 | D        | Found a blossoming altar of Fedhas.
    42 | D        | Found a white marble altar of Elyvilon.
    42 | D        | Found a shadowy altar of Dithmenos.
    42 | D        | Found a snail-covered altar of Cheibriados.
    44 | D        | Found a radiant altar of Vehumet.
    44 | D        | Found a corrupted altar of Lugonu.
    45 | D        | Found a hide-covered altar of Uskayaw.
    45 | D        | Found an ancient bone altar of Kikubaaqudgha.
    45 | D        | Found a broken altar of Ashenzari.
    52 | D        | Became a worshipper of Vehumet
    95 | D        | Reached XP level 2. HP: 15/15 MP: 6/8
   134 | D        | Learned a level 2 spell: Passwall
   139 | D        | Reached * piety under Vehumet
   139 | D        | Offered knowledge of Freeze by Vehumet.
   140 | D        | Reached skill level 5 in Earth Magic
   215 | D        | Noticed a necrophage
   222 | D        | Reached ** piety under Vehumet
   237 | D        | Killed a necrophage
   238 | D        | Reached skill level 8 in Earth Magic
   238 | D        | Reached XP level 3. HP: 14/19 MP: 8/13
   238 | D        | Reached XP level 4. HP: 18/24 MP: 8/14
   248 | D        | Learned a level 3 spell: Stone Arrow
   368 | D        | Offered knowledge of Searing Ray by Vehumet.
   369 | D        | Reached *** piety under Vehumet
   504 | D        | Noticed a flying skull
   519 | D        | Slain by a flying skull

Illustrated notes

Levels and vault maps discovered:
D:        pitsprint [storerooms_1, entrance_room_1, metal_vault_1, armoury_2,
          mini_pit_1, grid_room_1, main_hall_1, silver_pit, the_coven_2,
          the_vestibule_1, steel_vault_4, golden_pit, hallway_of_sentries,
          crystal_vault_5, iron_vault_1, final_vault]

Skill      XL: |  1  2  3  4 |
---------------+-------------+-----
Earth Magic    | 4 8 |  8.6
Spellcasting   | 6 7 |  7.3
Dodging        | 4 |  4.1
Stealth        | 3 |  3.9
Fighting       | |  0.2
Conjurations   | |  0.1
Transmutations | |  1.1

Action                   |  1- 3 |  4- 6 || total
-------------------------+-------+-------++-------
Melee: Unarmed           |     1 |       ||     1
 Cast: Sandblast         |    12 |     5 ||    17
       Stone Arrow       |       |     4 ||     4
  Use: Potion            |       |     2 ||     2
Armor: Robe              |     1 |     1 ||     2
Dodge: Dodged            |     3 |     1 ||     4

Table legend: (Time is in decaauts)
 A = Elapsed time spent in this place.
 B = Non-inter-level travel time spent in this place.
 C = Inter-level travel time spent in this place.
 D = Time resting spent in this place.
 E = Time spent auto-exploring this place.
 F = Levels seen in this place.
 G = Mean time per level.
                   A        B        C        D        E       F      G
               +--------+--------+--------+--------+--------+-----+--------+
         Total |    513 |    513 |      0 |    337 |     31 |   1 |  513.0 |
       Dungeon |    513 |    513 |      0 |    337 |     31 |   1 |  513.0 |
               +--------+--------+--------+--------+--------+-----+--------+

Top non-repeatable levels by time:
       D: 513 daAuts
